 Dungeon Crawl Stone Soup version 0.31-a0-1547-g618ab1f (webtiles) character file.

Game seed: 1291362872241966583

1671172 sdynet the Planerender (level 27, 162/162 HPs)
             Began as a Tengu Summoner on Dec 31, 2023.
             Was an Initiate of Gozag.
             Escaped with the Orb
             ... and 3 runes on Jan 2, 2024!
             The game lasted 06:10:17 (74610 turns).

sdynet the Planerender (Tengu Summoner)            Turns: 74610, Time: 06:10:18

Health: 162/162    AC: 18    Str:  9    XL:     27
Magic:  61/65      EV: 19    Int: 37    God:    Gozag
Gold:   4887       SH: 29    Dex: 15    Spells: 5/80 levels left

rFire   + + +        c - staff of Adverse Possession {rF+ Int+3 Fire}
rCold   + . .        X - +6 tower shield
rNeg    + . .        W - +8 Cigotuvi's embrace {Corpsefed rMiasma ^Drain rN+}
rPois   +            x - +3 hat of Pondering {ponderous, Will+ MP+10 Int+5}
rElec   +            s - +2 cloak {rCorr}
rCorr   +            d - +0 pair of gloves "Mufeafeo" {rElec rF+}
SInv    +            (boots unavailable)
Will    +++..        L - amulet of magic regeneration
Stlth   +            v - ring "Inihup" {Fly rPois rF+ rC+}
HPRegen 0.47/turn    f - ring "Suyt" {rElec rF+ SInv Stlth+}
MPRegen 0.79/turn

%: acrobat
@: calling dragons, flying, studying 2 skills, slow
A: beak, talons 3, evasive flight, acrobatic, claws 1, frail 1, mutation
resistance 1, screaming 1
0: Orb of Zot
}: 3/15 runes: decaying, silver, gossamer
a: Renounce Religion, Potion Petition, Call Merchant, Bribe Branch


You escaped.
You worshipped Gozag.
Gozag was most pleased with you.
You visited 11 branches of the dungeon, and saw 51 of its levels.
You visited 3 bazaars.
You also visited: Gauntlet and Desolation.

You collected 31132 gold pieces.
You spent 9661 gold pieces at shops.
You paid 16584 gold pieces to Gozag.

Inventory:

Missiles
 i - 3 throwing nets
 Y - 21 curare-tipped darts
Armour
 d - the +0 pair of gloves "Mufeafeo" (worn) {rElec rF+}
   (You acquired it on level 3 of the Lair of Beasts)

   rF+:       It protects you from fire.
   rElec:     It insulates you from electricity.
 s - a +2 cloak of preservation (worn)
 x - the +3 hat of Pondering (worn) {ponderous, Will+ MP+10 Int+5}
   (You took it off Gastronok on level 12 of the Dungeon)

   Int+5:     It affects your intelligence (+5).
   Will+:     It increases your willpower.
   MP+10:     It affects your magic capacity (+10).
 W - the +8 Cigotuvi's embrace (worn) {Corpsefed rMiasma ^Drain rN+}
   (You bought it in a shop on level 4 of the Depths)

   Corpsefed: It gathers nearby corpses to temporarily increase the armour it
   provides.
   rMiasma:   It protects you from foul pestilence.
   rN+:       It protects you from negative energy.
   ^Drain:    It drains your maximum health when unequipped.
 X - a +6 tower shield (worn)
Magical Staves
 c - the staff of Adverse Possession (weapon) {rF+ Int+3 Fire}
   (You found it on level 3 of the Elven Halls)

   [staff of fire]

   Base accuracy: +5 Base damage: 5 Base attack delay: 1.2 This weapon's minimum
   attack delay (0.6) is reached at skill level 12.
   Int+3:     It affects your intelligence (+3).
   rF+:       It protects you from fire.
   Fire:      It increases the power of your Fire spells.
   It falls into the 'Staves' category.
   It is a one-handed weapon.
Jewellery
 f - the ring "Suyt" (right hand) {rElec rF+ SInv Stlth+}
   (You found it in the Desolation of Salt)

   [ring of see invisible]

   rF+:       It protects you from fire.
   rElec:     It insulates you from electricity.
   SInv:      It lets you see invisible.
   Stlth+:    It makes you more stealthy.
 o - the ring of Oroxis {rElec rPois Will+}
   (You found it on level 4 of the Vaults)

   [ring of willpower]

   rElec:     It insulates you from electricity.
   rPois:     It protects you from poison Will+: It increases your willpower.
 v - the ring "Inihup" (left hand) {Fly rPois rF+ rC+}
   (You bought it in a shop on level 4 of the Depths)

   [ring of protection from cold]

   rF+:       It protects you from fire.
   rC+:       It protects you from cold.
   rPois:     It protects you from poison Fly: It grants you flight.
 y - a ring of the Octopus King {rN+ HP+2 AC+2 EV+2 SH+2}
   (You found it on level 4 of the Realm of Zot)

   [ring of positive energy]

   AC+2:      It affects your AC (+2).
   EV+2:      It affects your evasion (+2).
   rN+:       It protects you from negative energy.
   HP+2:      It affects your health (+2).
   SH+2:      It affects your SH (+2).
 F - the ring of Qeggumif {Fly rC+ Str+5 Int+3}
   (You took it off a deep elf death mage on level 3 of the Elven Halls)

   [ring of flight]

   Str+5:     It affects your strength (+5).
   Int+3:     It affects your intelligence (+3).
   rC+:       It protects you from cold.
   Fly:       It grants you flight.
 L - an amulet of magic regeneration (around neck)
 O - the ring of the Tortoise {AC+8}
   (You bought it in a shop on level 7 of the Dungeon)

   [ring of protection]

   AC+8:      It affects your AC (+8).
Wands
 t - a wand of light (2)
 B - a wand of digging (17)
 M - a wand of roots (45)
Scrolls
 h - 2 scrolls of silence {!r}
 j - 5 scrolls of revelation {!r}
 k - 17 scrolls of teleportation {!r}
 n - 10 scrolls of fog {!r}
 q - a scroll of butterflies
 u - 3 scrolls of blinking
 E - 8 scrolls of vulnerability
 I - 33 scrolls of identify
 J - 9 scrolls of fear {!r}
 P - 6 scrolls of poison
 R - 5 scrolls of immolation
Potions
 b - 3 potions of magic {!q}
 e - 9 potions of curing {!q}
 g - a potion of brilliance {!q}
 l - 11 potions of lignification {!q}
 p - 3 potions of attraction
 r - 2 potions of haste {!q}
 w - 7 potions of enlightenment {!q!q}
 z - a potion of resistance {!q}
 G - 5 potions of mutation
 K - a potion of heal wounds {!q}
 S - 2 potions of ambrosia {!q}
 V - 5 potions of cancellation {!q}
Miscellaneous
 m - a condenser vane
 N - a lightning rod (4/4)
 U - a phial of floods


   Skills:
 + Level 20.9 Fighting
 - Level 9.6 Dodging
 - Level 3.0 Stealth
 + Level 23.5 Shields
 O Level 27 Spellcasting
 - Level 9.0 Conjurations
 O Level 27 Summonings
 - Level 12.0 Necromancy
 - Level 4.0 Translocations
 - Level 4.0 Fire Magic
 - Level 1.0 Ice Magic
 - Level 4.0 Air Magic
 - Level 1.0 Earth Magic
 - Level 1.0 Alchemy


You had 5 spell levels left.
You knew the following spells:

 Your Spells              Type           Power      Damage    Failure   Level
a - Airstrike             Air            34%        2d(5-21)  1%          4
b - Summon Lightning Spi  Summ/Air       100%       N/A       0%          4
c - Summon Forest         Summ/Tloc      52%        N/A       1%          5
d - Summon Mana Viper     Hex/Summ       99%        N/A       1%          5
e - Monstrous Menagerie   Summ           64%        N/A       0%          7
f - Malign Gateway        Summ/Tloc      52%        N/A       1%          7
g - Martyr's Knell        Necr/Summ      100%       N/A       0%          4
h - Summon Horrible Thin  Summ           64%        N/A       1%          8
i - Spellforged Servitor  Conj/Summ      55%        N/A       1%          7
j - Ozocubu's Armour      Ice            55%        N/A       1%          3
k - Death Channel         Necr           47%        N/A       1%          6
q - Blink                 Tloc           100%       N/A       1%          2
A - Apportation           Tloc           100%       N/A       1%          1
D - Dragon's Call         Summ           64%        N/A       1%          9
P - Passwall              Erth           55%        N/A       1%          3

Your spell library contained the following spells:

 Spells                   Type           Power      Damage    Failure   Level
 Kiss of Death            Conj/Necr      100%       2d13      0%          1
 Necrotise                Necr           100%       1d9       0%          1
 Summon Small Mammal      Summ           100%       N/A       0%          1
 Call Imp                 Summ           100%       N/A       0%          2
 Sublimation of Blood     Necr           95%        N/A       0%          2
 Call Canine Familiar     Summ           100%       N/A       0%          3
 Summon Ice Beast         Ice/Summ       100%       N/A       0%          3
 Summon Blazeheart Golem  Fire/Summ      100%       N/A       0%          4
 Magic Dart               Conj           100%       1d8       1%          1
 Sandblast                Erth           100%       2d20      1%          1
 Shock                    Conj/Air       100%       1d9       1%          1
 Sting                    Conj/Alch      100%       1d9       1%          1
 Cigotuvi's Dreadful Rot  Necr/Alch/Air  100%       N/A       1%          2
 Ensorcelled Hibernation  Hex/Ice        100%       N/A       1%          2
 Jinxbite                 Hex            98%        N/A       1%          2
 Mercury Vapours          Alch/Air       100%       N/A       1%          2
 Scorch                   Fire           100%       2d9       1%          2
 Searing Ray              Conj           100%       2d8       1%          2
 Dazzling Flash           Conj/Hex       100%       N/A       1%          3
 Fugue of the Fallen      Necr           95%        N/A       1%          3
 Hailstorm                Conj/Ice       72%        3d13      1%          3
 Inner Flame              Hex/Fire       77%        N/A       1%          3
 Mephitic Cloud           Conj/Alch/Air  71%        N/A       1%          3
 Stone Arrow              Conj/Erth      100%       3d13      1%          3
 Swiftness                Air            68%        N/A       1%          3
 Vampiric Draining        Necr           95%        2d12      1%          3
 Volatile Blastmotes      Fire/Tloc      100%       2d18      1%          3
 Anguish                  Hex/Necr       38%        N/A       1%          4
 Animate Armour           Summ/Erth      100%       N/A       1%          4
 Brom's Barrelling Bould  Conj/Erth      72%        2d9       1%          4
 Dispel Undead            Necr           95%        3d30      1%          4
 Flame Wave               Conj/Fire      98%        2d20      1%          4
 Fulminant Prism          Conj/Alch      36%        3d17      1%          4
 Iskenderun's Mystic Bla  Conj/Tloc      78%        2d16      1%          4
 Passage of Golubria      Tloc           68%        N/A       1%          4
 Vhi's Electric Charge    Tloc/Air       100%       N/A       1%          4
 Arcjolt                  Conj/Air       39%        1d49      1%          5
 Borgnjor's Vile Clutch   Necr/Erth      39%        N/A       1%          5
 Curse of Agony           Necr           95%        N/A       1%          5
 Fireball                 Conj/Fire      49%        3d19      1%          5
 Iskenderun's Battlesphe  Conj           86%        2d13      1%          5
 Confusing Touch          Hex            49%        N/A       2%          3
 Sigil of Binding         Hex            49%        N/A       2%          3
 Tukima's Dance           Hex            49%        N/A       2%          3
 Dimensional Bullseye     Hex/Tloc       29%        N/A       3%          4
 Ignite Poison            Fire/Alch      80%        N/A       3%          4
 Sticky Flame             Fire/Alch      80%        2d12      3%          4
 Freezing Cloud           Conj/Ice/Air   35%        6-21      3%          5
 Irradiate                Conj/Alch      36%        3d23      3%          5
 Olgreb's Toxic Radiance  Alch           55%        N/A       6%          4
 Petrify                  Alch/Erth      55%        N/A       6%          4
 Cause Fear               Hex            24%        N/A       9%          4
 Silence                  Hex/Air        29%        N/A       11%         5
 Alistair's Intoxication  Alch           36%        N/A       16%         5
 Lee's Rapid Deconstruct  Erth           27%        3d15*     16%         5
 Metabolic Englaciation   Hex/Ice        26%        N/A       21%         5
 Yara's Violent Unravell  Hex/Alch       26%        3d11      21%         5
 Summon Cactus Giant      Summ           64%        N/A       0%          6
 Bombard                  Conj/Erth      36%        9d6       17%         6
 Orb of Destruction       Conj           43%        9d12      19%         7
 Plasma Beam              Fire/Air       43%        2x1d57    26%         6
 Eringya's Noxious Bog    Alch           27%        4d6       65%         6
 Enfeeble                 Hex            24%        N/A       100%        7
 Ignition                 Fire           43%        3d13      100%        8
 Lehudib's Crystal Spear  Conj/Erth      36%        10d9      100%        8
 Maxwell's Capacitive Co  Air            34%        ∞         100%        8
 Chain Lightning          Conj/Air       39%        3d52      100%        9
 Fire Storm               Conj/Fire      49%        8d12      100%        9
 Shatter                  Erth           27%        3d23*     100%        9
 Animate Dead             Necr           Unusable   N/A       N/A         4
 Sculpt Simulacrum        Ice/Alch       Unusable   N/A       N/A         6

Dungeon Overview and Level Annotations

Branches:
Dungeon (15/15)            Temple (1/1) D:5            Lair (5/5) D:8
  Swamp (4/4) Lair:3       Spider (4/4) Lair:2        Slime (0/5) Lair:5
    Orc (2/2) D:10            Elf (3/3) Orc:2        Vaults (5/5) D:13
  Crypt (3/3) Vaults:3       Tomb (0/3) Crypt:3      Depths (4/4) D:15
    Zot (5/5) Depths:4    Desolation (visited)      Gauntlet (visited)

Altars:
Ashenzari
Cheibriados
Dithmenos
Elyvilon
Fedhas
Gozag
Hepliaklqana
Kikubaaqudgha
Makhleb
Nemelex Xobeh
Okawaru
Qazlal
Ru
Sif Muna
Trog
Uskayaw
Vehumet
Wu Jian
Xom
Yredelemnul
Zin
The Shining One
Jiyva

Shops:
D:5 *   D:7 (=   D:11 [   Orc:1 *   Orc:2 ??*   Elf:1 *   Elf:3 [   Vaults:5 !
Depths:1 *   Depths:3 (   Depths:4 [*==?=

Portals:
Hell: Depths:1 Depths:2 Depths:3 Depths:4
Abyss: Depths:1 Depths:3
Pandemonium: Depths:2
Ziggurat: Depths:3

Annotations:
D:14 2 exclusions


Innate Abilities, Weirdness & Mutations

You have a beak for a mouth.
You have claws for feet.
Your magical flight helps you evade attacks. (EV +4)
You can magically evade attacks while moving or waiting.
You have sharp fingernails.
You are frail. (-10% HP)
You are somewhat resistant to further mutation.
You occasionally shout uncontrollably at your foes.


Message History

Your quicksilver dragon completely misses the Hell Sentinel.
Your fire dragon bites the Hell Sentinel but does no damage.
Your fire dragon claws the Hell Sentinel but does no damage.
Your fire dragon tramples the Hell Sentinel but does no damage.
Your storm dragon bites the Hell Sentinel but does no damage.
Your storm dragon claws the Hell Sentinel but does no damage.
Your storm dragon tramples the Hell Sentinel but does no damage.
The Hell Sentinel gestures at your quicksilver dragon.
The sphere of damnation explodes!
The damnation engulfs your quicksilver dragon!
The damnation engulfs your storm dragon!!!
The damnation engulfs the Hell Sentinel.
The Hell Sentinel completely resists.
The damnation engulfs your large abomination!!!
The damnation engulfs your fire dragon!!!
The damnation engulfs your large abomination!
Your large abomination is destroyed!
Your large abomination disappears in a puff of smoke!
The damnation engulfs your martyred shade!!!
Your martyred shade wails in agony as it relives its own death.
Your quicksilver dragon breathes dispelling energy at the Hell Sentinel.
The bolt of dispelling energy hits the Hell Sentinel.
Your quicksilver dragon breathes dispelling energy at the Hell Sentinel.
The bolt of dispelling energy hits the Hell Sentinel!!!
The Hell Sentinel dies!
You swap places.
The bodies of the dead rush to embrace you!
Your storm dragon disappears in a puff of smoke!
Your fire dragon disappears in a puff of smoke!
A chunk of your corpse armour falls away.
Your quicksilver dragon disappears in a puff of smoke!
Your tentacled monstrosity disappears in a puff of smoke!
There is an open door here.
Your spellforged servitor disappears in a puff of smoke!
A chunk of your corpse armour falls away.
There is an open door here.
There is an open door here.
There is a staircase leading out of the dungeon here.
Char dumped successfully.
You have escaped!

#†.........#....#####....
#.########.#....'...'....
#......9§..#....#####....
#..#'###♣.♣#....# #....
#.♣#...#♣⌠♣##...# #....
#.♣#.♣.#♣♣♣ #...# #####
#8♣#...# ##### #...
#####'#### #... #...#.@#
#... ###.'..#
#########... ######
#........... #...........
######...........
#................
#................
#......##########
#......#


There were no monsters in sight!

Vanquished Creatures
  A dread lich (Crypt:3)
  Khufu (Crypt:3)
  2 quicksilver dragons (Zot:3)
  Gastronok (D:12)
  A shadow dragon (Zot:3)
  3 storm dragons (Zot:3)
  A vault warden (Vaults:1)
  Louise (Elf:3)
  A deep elf sorcerer (Elf:3)
  A deep elf elementalist (Elf:3)
  2 draconian annihilators (Zot:3)
  The ghost of RexxRaptorr the Skirmisher, a journeyman GnHu of Okawaru (Lair:4)
  A bunyip (Swamp:4)
  A halazid warlock (Desolation)
  A deep elf annihilator (Elf:3)
  A spark wasp (Spider:4)
  A black draconian (Zot:3)
  9 hydras
  A peacekeeper (Desolation)
  An alligator (Swamp:3)
  A centaur warrior (D:14)
  A ghost crab (Swamp:3)
  A catoblepas (Lair:5)
  A deep elf knight (Elf:3)
  3 goliath frogs (Swamp:3)
  A swamp dragon (Swamp:4)
  An ironbound convoker (Desolation)
  A deep elf zephyrmancer (Elf:3)
  A moth of wrath (Zot:3)
  3 cyclopes
  An orc sorcerer (Orc:2)
  5 elephants (Lair:4)
  3 manticores
  A torpor snail (Lair:5)
  6 cane toads
  3 yaktaurs
  11 komodo dragons
  Psyche (D:9)
  A rime drake (Lair:2)
  A tyrant leech (Lair:3)
  A harpy skeleton (Crypt:1)
  A polar bear (Lair:5)
  3 blink frogs (Lair:5)
  A dream sheep (Lair:5)
  A wraith (Crypt:3)
  An air elemental (Elf:1)
  A jumping spider (Lair:2)
  A wyvern (Lair:5)
  A culicivora (Lair:2)
  7 yaks
  2 basilisks
  2 redbacks (Lair:2)
  2 swamp worms (Lair:3)
  An acid dragon (D:10)
  A water moccasin (Lair:3)
  An orc warrior (Orc:1)
  A wolf (Lair:1)
  3 centaurs
  A phantom (D:5)
  A kobold brigand (D:9)
  A nameless horror (D:6)
  5 bullfrogs
  A wight (D:4)
  2 spriggan skeletons (D:12)
  A howler monkey (D:9)
  An electric eel (D:6)
  An iguana (Lair:3)
  An orc wizard (Orc:1)
  4 gnolls
  2 adders
  A shadow imp (D:8)
  A dart slug (D:5)
  2 ribbon worms
  4 orcs
  2 ball pythons
  4 endoplasms (Lair:5)
  2 giant cockroaches
  A goblin (D:1)
  2 jackals (D:1)
  A quokka (D:4)
  3 bats (D:2)
  3 kobolds
  3 rats
160 creatures vanquished.

Vanquished Creatures (collateral kills)
  A pandemonium lord (Zot:2)
  3 dread liches
  10 ancient liches
  11 orbs of fire
  Mara (Depths:1)
  Mennas (Vaults:3)
  The ghost of Egutz the Wrestler, a master TrFi of Okawaru (Zot:4)
  A juggernaut (Depths:2)
  Xtahua (Depths:4)
  Josephina (Zot:2)
  Vv (Crypt:1)
  A royal mummy (Crypt:3)
  the Lernaean hydra (Swamp:4)
  5 Killer Klowns
  Saint Roka (Orc:2)
  A caustic shrike (Depths:3)
  Bai Suzhen (Crypt:1)
  Margery (Crypt:1)
  The ghost of Woadakig the Executioner, a veteran FoFi of Dithmenos (Crypt:1)
  4 curse toes
  12 golden dragons
  Jory (Crypt:3)
  2 bone dragons (Depths:4)
  A Brimstone Fiend (Depths:1)
  5 electric golems
  Rupert (Orc:2)
  A hellephant (Crypt:1)
  18 tentacled monstrosities
  A walking earthen tome (Depths:2)
  27 Orb Guardians
  7 liches
  11 quicksilver dragons
  A Hell Sentinel (D:1)
  9 eldritch tentacles
  3 titans
  A walking divine tome (Depths:3)
  10 sphinxes
  2 deep elf master archers (Elf:3)
  6 ancient champions
  8 death cobs
  9 tengu reavers
  Aizul (Spider:3)
  17 storm dragons
  Donald (Orc:2)
  6 shadow dragons
  8 draconian knights
  2 revenants
  Roxanne (Elf:3)
  A demonspawn warmonger (Depths:1)
  2 protean progenitors (Zot:3)
  7 draconian monks
  5 emperor scorpions
  5 draconian scorchers
  4 iron dragons
  6 draconian shifters
  5 deep elf sorcerers
  13 frost giants
  4 deep elf elementalists (Elf:3)
  6 ghost moths
  15 fire giants
  4 orc warlords
  3 imperial myrmidons (Desolation)
  10 vault wardens
  12 ironbound preservers
  4 ghouls (Crypt:3)
  3 curse skulls
  3 draconian stormcallers
  7 ironbound thunderhulks
  27 stone giants
  A cacodemon (D:6)
  4 spriggan defenders
  17 very ugly things
  6 draconian annihilators
  4 broodmothers
  2 deep elf demonologists
  7 vampire knights
  14 green draconians
  4 eleionomae
  A demonspawn black sun (Depths:1)
  8 black draconians
  A formless jellyfish (Vaults:3)
  The ghost of Mosmyvabb the Spry, a journeyman FeSu of Gozag (Spider:4)
  8 deep elf death magi
  4 bunyips
  2 halazid warlocks (Desolation)
  8 spark wasps
  11 dire elephants
  8 red draconians
  9 white draconians
  A minotaur (Gauntlet)
  11 purple draconians
  9 yellow draconians
  The ghost of Leboarus the Severer, a journeyman GrFi of Xom (Spider:4)
  3 war gargoyles (Vaults:5)
  5 deep elf annihilators (Elf:3)
  The ghost of wqsa789 the Warrior, a journeyman OnGl of Makhleb (D:9)
  5 eidola
  10 ettins
  2 blizzard demons (Depths:2)
  5 crystal guardians
  5 fire dragons
  2 deep elf high priests (Elf:3)
  2 entropy weavers
  2 spectral golden dragons (Zot:4)
  13 yaktaur captains
  3 jiangshi (Crypt:3)
  2 shambling mangroves (Swamp:4)
  3 great orbs of eyes
  2 spectral shadow dragons (Zot:4)
  6 servants of whispers (Desolation)
  6 ragged hierophants (Desolation)
  10 peacekeepers
  A jorogumo (Spider:2)
  6 ice dragons
  A merfolk avatar (Lair:5)
  5 spriggan air magi
  28 vault guards
  16 hydras
  A juggernaut simulacrum (Depths:2)
  2 rakshasas (Depths:1)
  7 centaur warriors
  6 boulder beetles
  2 ghost crabs
  10 ironbound frosthearts
  A radroach (Spider:4)
  A hell beast (Depths:1)
  2 ogre magi
  The ghost of wqsa789 the Carver, a journeyman TeGl (D:9)
  7 alligators
  14 two-headed ogres
  35 dancing weapons
  A sphinx skeleton (Crypt:2)
  2 death scarabs (Gauntlet)
  7 vampire magi
  2 deep troll shamans (Depths:1)
  3 death knights
  4 deep troll earth magi
  3 tengu warriors
  The ghost of edsrzf the Covert, a journeyman OpHW of Cheibriados (D:9)
  3 orc high priests
  6 hell hogs (Depths:1)
  A titan zombie (Vaults:4)
  7 demonic crawlers
  8 spriggan berserkers
  3 soul eaters
  8 spriggans
  18 deep elf knights
  A skyshark (shapeshifter) (Depths:3)
  A skyshark (Lair:3)
  Amaemon (D:9)
  2 shadow wraiths
  A storm dragon skeleton (Vaults:4)
  3 iron trolls
  3 sun demons
  18 hell knights
  2 sixfirhies (D:6)
  A spectral purple draconian (Zot:4)
  5 pharaoh ants
  4 goliath frogs
  38 deep trolls
  38 skeletal warriors
  A death drake (Swamp:4)
  3 spriggan druids (Swamp:1)
  2 quicksilver dragon simulacra
  10 orb spiders
  A bunyip zombie (Crypt:3)
  3 flayed ghosts
  8 swamp dragons
  4 sun moths
  4 bog bodies
  7 arcanists
  An orange crystal statue (Gauntlet)
  2 mana vipers (shapeshifter) (Vaults:5)
  13 steelbarb worms
  16 orc knights
  10 lindwurms
  10 necromancers
  23 deep elf pyromancers
  A golden dragon zombie (Crypt:3)
  A spectral hydra (Gauntlet)
  7 phantasmal warriors
  9 harpies
  19 ironbound convokers
  14 deep elf archers
  A shadow dragon skeleton (Depths:2)
  An alligator zombie (Crypt:3)
  A manticore (shapeshifter) (Vaults:5)
  25 wolf spiders
  14 manticores
  28 deep elf zephyrmancers
  6 orc sorcerers
  A salamander (Depths:4)
  Maurice (D:9)
  34 moths of wrath
  7 will-o-the-wisps
  27 ugly things
  6 cyclopes
  2 shining eyes (shapeshifter)
  An elephant (shapeshifter) (Vaults:5)
  A goliath frog skeleton (Crypt:2)
  An elf zombie (Vaults:2)
  A rust devil (Zot:2)
  2 tengu skeletons
  7 black mambas
  10 vault sentinels
  5 torpor snails
  3 molten gargoyles (Desolation)
  A fire giant skeleton (Vaults:2)
  A guardian serpent (Desolation)
  A moth of wrath (shapeshifter) (Vaults:4)
  2 human skeletons
  2 orange demons
  8 cane toads
  9 elephants
  A water nymph (shapeshifter) (Depths:3)
  A shock serpent skeleton (Crypt:3)
  2 smoke demons (Depths:1)
  A red draconian zombie (Crypt:3)
  The ghost of PublicAnimeNo1 the Firebug, a novice DsFE of Sif Muna (D:4)
  2 kobold demonologists (D:10)
  A death yak zombie (Crypt:1)
  A dire elephant skeleton (Crypt:3)
  A black draconian zombie (Crypt:2)
  3 unseen horrors
  A tormentor (Zot:1)
  Jeremiah (D:9)
  2 minotaur zombies (Gauntlet)
  3 rime drakes
  An efreet (Zot:2)
  5 freezing wraiths
  2 ghost moth simulacra (Zot:4)
  8 komodo dragons
  A golden dragon simulacrum (Zot:2)
  35 yaktaurs
  3 tengu conjurers
  2 harpy zombies (Crypt:1)
  A bloated husk (Swamp:1)
  12 hornets
  4 hellwings
  13 trolls
  56 saltlings (Desolation)
  2 harpy skeletons (Crypt:1)
  6 tyrant leeches
  A shadow dragon simulacrum (Crypt:1)
  23 tarantellas
  20 blink frogs
  An ice dragon zombie (Crypt:1)
  2 snapping turtles
  A glass eye (shapeshifter) (Vaults:3)
  2 spectral moths of wrath (Zot:4)
  A polar bear (Vaults:2)
  A spriggan zombie (Depths:2)
  A dream sheep (shapeshifter) (Vaults:3)
  A draconian simulacrum (Zot:2)
  32 slime creatures
  11 dream sheep (Lair:5)
  14 jumping spiders
  3 air elementals
  A frost giant simulacrum (Vaults:4)
  A spectral black mamba (Gauntlet)
  A naga simulacrum (Crypt:3)
  A jumping spider (shapeshifter) (Elf:1)
  An ice dragon skeleton (Crypt:2)
  A human (shapeshifter) (Elf:1)
  A vampire (D:11)
  5 wraiths
  2 basilisks
  4 fire elementals (Elf:3)
  4 wyverns
  29 culicivoras
  A black mamba skeleton (Crypt:2)
  6 water elementals
  A spectral komodo dragon (Gauntlet)
  43 yaks
  45 redbacks
  A green draconian simulacrum (Zot:4)
  14 wargs
  2 redbacks (shapeshifter)
  2 steam dragons (D:8)
  5 vampire mosquitoes
  A naga zombie (Crypt:1)
  11 swamp worms
  A harpy simulacrum (Crypt:1)
  10 water moccasins
  2 acid dragons
  Duvessa (D:6)
  8 swamp drakes
  5 nameless horrors
  2 hell hounds (Depths:2)
  2 moth of wrath simulacra
  31 orc warriors
  2 ice beasts
  6 laughing skulls
  4 sky beasts
  A black bear (Lair:4)
  2 manticore skeletons (Crypt:3)
  19 ogres
  8 wolves
  A swamp dragon skeleton (Crypt:3)
  4 centaurs
  A phantom (D:6)
  2 kobold brigands
  8 bullfrogs
  4 earth elementals
  A necrophage (Crypt:3)
  10 wights
  Dowan (D:6)
  A troll skeleton (D:12)
  A shapeshifter skeleton (Crypt:2)
  3 spriggan skeletons (D:12)
  An electric eel (D:6)
  2 bombardier beetles
  2 hounds
  12 orc priests
  4 jellies
  A sleepcap (D:6)
  A basilisk skeleton (Crypt:3)
  4 gnoll boudas
  Natasha (thrice) (D:4)
  4 iguanas
  6 hell rats
  37 orc wizards
  2 mummies (Crypt:3)
  22 gnolls
  6 adders
  A swamp drake skeleton (Crypt:2)
  A shadow imp (D:6)
  2 ufetubi (D:6)
  2 dart slugs
  2 ribbon worms (D:4)
  89 orcs
  4 ball pythons
  3 bats
  10 endoplasms
  A giant cockroach (D:4)
  5 goblins
  6 hobgoblins
  4 jackals
  3 training dummies (D:7)
  An endoplasm zombie (Crypt:1)
  A jackal skeleton (Crypt:1)
  21 kobolds
  A kobold zombie (Crypt:1)
  An orc zombie (Crypt:1)
  4 rats
  An aspiring flesh (Zot:3)
2194 creatures vanquished.

Vanquished Creatures (others)
  A tentacled monstrosity (Zot:5)
  60 eldritch tentacles
  A death cob (Zot:3)
  A draconian monk (Zot:3)
  A deep elf sorcerer (Elf:3)
  A vault warden (Vaults:5)
  A deep elf elementalist (Elf:3)
  A ghost moth (Zot:3)
  A green draconian (Zot:3)
  A great orb of eyes (Vaults:3)
  A spriggan (Swamp:1)
  A deep elf knight (Elf:3)
  A moth of wrath (Zot:2)
  A yaktaur (Vaults:5)
  2 bloated husks
  A saltling (Desolation)
  A hornet (Swamp:1)
  2 vampire mosquitoes (Swamp:1)
  A swamp worm (Swamp:1)
  A swamp drake (Swamp:1)
  3 orc wizards
  2 gnolls
  An orc (Orc:2)
  73 blazeheart cores
  24 foxfires
  21 snaplasher vines
205 creatures vanquished.

Grand Total: 2559 creatures vanquished

Notes
Turn   | Place    | Note
-------+----------+-------------------------------------------
     0 | D:1      | sdynet the Tengu Summoner began the quest for the Orb.
     0 | D:1      | Reached XP level 1. HP: 10/10 MP: 4/4
    29 | D:1      | Reached skill level 5 in Summonings
   118 | D:1      | Reached XP level 2. HP: 11/15 MP: 4/6
   133 | D:1      | Learned a level 2 spell: Call Imp
   446 | D:1      | Reached XP level 3. HP: 19/19 MP: 4/7
   493 | D:1      | Learned a level 3 spell: Call Canine Familiar
   581 | D:1      | Found a faded altar of an unknown god.
  1080 | D:2      | Reached XP level 4. HP: 24/24 MP: 3/9
  1871 | D:2      | Learned a level 1 spell: Apportation
  2112 | D:3      | Found a basalt altar of Yredelemnul.
  2272 | D:3      | You fall into a shaft and drop 2 floors!
  2272 | D:5      | Entered Level 5 of the Dungeon
  2273 | D:5      | Noticed a phantom
  2296 | D:5      | Killed a phantom
  2297 | D:5      | Reached XP level 5. HP: 28/28 MP: 2/11
  2422 | D:5      | Learned a level 4 spell: Summon Blazeheart Golem
  2452 | D:5      | Reached skill level 1 in Fire Magic
  2452 | D:5      | Reached XP level 6. HP: 32/32 MP: 2/13
  2941 | D:3      | Found an ornate altar of the Wu Jian Council.
  3043 | D:3      | Found an opulent altar of Gozag.
  3043 | D:3      | Found a sparkling altar of Nemelex Xobeh.
  3051 | D:3      | Found a shimmering altar of Xom.
  3053 | D:3      | Found a faded altar of an unknown god.
  3054 | D:3      | Found a hide-covered altar of Uskayaw.
  3129 | D:3      | Gained mutation: Your magical flight helps you evade
                  | attacks. (EV +4) [Tengu growth]
  3129 | D:3      | Reached XP level 7. HP: 11/36 MP: 0/15
  3484 | D:4      | Noticed Natasha
  3490 | D:4      | Killed Natasha
  3581 | D:4      | Found a transporter.
  3646 | D:4      | Found a transporter.
  3646 | D:4      | Noticed PublicAnimeNo1's ghost (novice DsFE)
  3681 | D:4      | Learned a level 4 spell: Summon Lightning Spire
  3866 | D:4      | Reached skill level 5 in Spellcasting
  4106 | D:4      | Noticed Natasha
  4115 | D:4      | Killed Natasha
  4144 | D:4      | Noticed Natasha
  4169 | D:4      | Killed Natasha
  4340 | D:5      | Found Zin's Purification Station.
  4343 | D:5      | Found a glowing silver altar of Zin.
  4409 | D:3      | Became a worshipper of Gozag Ym Sagoz the Greedy
  4670 | D:5      | Reached skill level 1 in Air Magic
  4797 | D:5      | Found a staircase to the Ecumenical Temple.
  4806 | Temple   | Entered the Ecumenical Temple
  5212 | D:6      | Reached XP level 8. HP: 18/41 MP: 15/17
  5784 | D:6      | Noticed Duvessa
  5785 | D:6      | Noticed Dowan
  5798 | D:6      | Killed Duvessa
  5798 | D:6      | Killed Dowan
  5959 | D:6      | Reached skill level 10 in Summonings
  6707 | D:7      | Reached XP level 9. HP: 21/45 MP: 19/19
  6797 | D:7      | Found Kiuvodat's Firing Range.
  7275 | D:7      | Found Ituti's Jewellery Shoppe.
  7530 | D:7      | Identified the +2 short sword of Ustrob Houm {speed, rN+}
  7592 | D:7      | Found a stormy altar of Qazlal.
  8079 | D:8      | Noticed a komodo dragon
  8091 | D:8      | Killed a komodo dragon
  8092 | D:8      | Reached XP level 10. HP: 50/50 MP: 20/20
  8274 | D:8      | Found a staircase to the Lair.
  8425 | D:8      | Reached skill level 1 in Fighting
  8425 | D:8      | Reached skill level 15 in Summonings
  9115 | Lair:1   | Entered Level 1 of the Lair of Beasts
  9181 | Lair:1   | Noticed a cane toad
  9203 | Lair:1   | Killed a cane toad
  9208 | Lair:1   | Noticed a cane toad
  9456 | Lair:1   | Reached XP level 11. HP: 49/62 MP: 18/22
  9481 | Lair:1   | Reached skill level 5 in Fighting
 10536 | Lair:1   | Learned a level 1 spell: Sting
 10570 | Lair:2   | Reached skill level 1 in Conjurations
 10778 | Lair:2   | Reached skill level 1 in Alchemy
 10846 | Lair:2   | Reached skill level 1 in Translocations
 10877 | Lair:2   | Noticed a five-headed hydra
 10886 | Lair:2   | Killed a five-headed hydra
 11260 | D:7      | Bought a ring of poison resistance for 280 gold pieces
 11777 | Lair:2   | Reached XP level 12. HP: 46/70 MP: 25/25
 12304 | Lair:2   | Found a hole to the Spider Nest.
 13067 | Lair:3   | Noticed a six-headed hydra
 13075 | Lair:3   | Killed a six-headed hydra
 13181 | Lair:3   | Found a staircase to the Swamp.
 13286 | Lair:3   | Noticed a skyshark
 13295 | Lair:3   | Killed a skyshark
 13364 | Lair:3   | Identified a scroll of acquirement
 13365 | Lair:3   | Acquired the +0 pair of gloves "Mufeafeo" {rElec rF+}
 13719 | Lair:3   | Learned a level 8 spell: Summon Horrible Things
 13765 | Lair:3   | HP: 3/70 [cane toad (22)]
 14248 | Lair:4   | Reached XP level 13. HP: 66/74 MP: 23/27
 14697 | Lair:4   | Found a runed translucent door.
 14860 | Lair:4   | Noticed RexxRaptorr's ghost (journeyman GnHu)
 15180 | Lair:5   | Entered Level 5 of the Lair of Beasts
 15831 | Lair:5   | Found a viscous altar of Jiyva.
 15832 | Lair:5   | Found a staircase to the Slime Pits.
 15953 | Lair:5   | Identified the +0 robe of the Mind {Str+3}
 16456 | Lair:5   | Reached XP level 14. HP: 80/80 MP: 28/28
 16979 | Lair:5   | Learned a level 4 spell: Animate Armour
 17501 | Lair:5   | Reached skill level 1 in Earth Magic
 17518 | Lair:5   | Identified the +4 rapier of Law {venom, rElec Will+ Int-2}
 17877 | D:7      | Bought the ring of the Tortoise {AC+8} for 1792 gold pieces
 17877 | D:7      | Found the ring of the Tortoise {AC+8}
 18162 | D:9      | Noticed Amaemon
 18171 | D:9      | Killed Amaemon
 18485 | D:9      | Found a runed translucent gate.
 18485 | D:9      | Found a runed translucent gate.
 18485 | D:9      | Found a runed translucent gate.
 18486 | D:9      | Noticed wqsa789's ghost (journeyman OnGl)
 18487 | D:9      | Noticed edsrzf's ghost (journeyman OpHW)
 18487 | D:9      | Noticed wqsa789's ghost (journeyman TeGl)
 18500 | D:9      | Killed wqsa789's ghost
 18502 | D:9      | Killed edsrzf's ghost
 18502 | D:9      | Killed wqsa789's ghost
 18704 | D:9      | Noticed Psyche
 18708 | D:9      | Killed Psyche
 18872 | D:9      | Noticed Jeremiah
 18876 | D:9      | Killed Jeremiah
 18878 | D:9      | Noticed Maurice
 18905 | D:9      | Killed Maurice
 19319 | D:10     | Entered Level 10 of the Dungeon
 19457 | D:10     | Found a staircase to the Orcish Mines.
 19594 | D:10     | Found a snail-covered altar of Cheibriados.
 19667 | D:10     | Found a white marble altar of Elyvilon.
 20384 | Orc:1    | Entered Level 1 of the Orcish Mines
 20897 | Lair:4   | Killed RexxRaptorr's ghost
 21202 | D:4      | Killed PublicAnimeNo1's ghost
 21524 | Orc:1    | Learned a level 4 spell: Martyr's Knell
 21643 | Orc:1    | Found Sapaowim's Mayhem Merchandise.
 21822 | Orc:1    | Reached skill level 1 in Necromancy
 21930 | Orc:1    | You are sucked into a shaft and drop 1 floor!
 21930 | Orc:2    | Entered Level 2 of the Orcish Mines
 22048 | Orc:2    | Found a gate leading to a gauntlet.
 22057 | Gauntlet | Entered a Gauntlet
 22057 | Gauntlet | Found a transporter.
 22084 | Gauntlet | Noticed a dire elephant
 22101 | Gauntlet | Found a transporter.
 22118 | Gauntlet | Found a transporter.
 22122 | Gauntlet | Found a transporter.
 22143 | Gauntlet | Found a transporter.
 22156 | Gauntlet | Found a transporter.
 22170 | Gauntlet | Found a transporter.
 22199 | Gauntlet | Found a transporter.
 22199 | Gauntlet | Found a transporter.
 22204 | Gauntlet | Found a transporter.
 22237 | Gauntlet | Found a transporter.
 22237 | Gauntlet | Found a transporter.
 22377 | Gauntlet | Identified the +0 hat of Duty {rPois MP+9 Dex+4}
 22772 | Orc:2    | Noticed Saint Roka
 22782 | Orc:2    | Reached XP level 15. HP: 24/84 MP: 29/29
 22786 | Orc:2    | Killed Saint Roka
 23466 | Orc:2    | Found a staircase to the Elven Halls.
 23484 | Orc:2    | Noticed Rupert
 23494 | Orc:2    | Killed Rupert
 24012 | Orc:2    | Reached skill level 5 in Conjurations
 24113 | Orc:2    | Found Beeshrec's Magic Scroll Boutique.
 24157 | Orc:2    | Found Kousider's Magic Scroll Shop.
 24210 | Orc:2    | Found Ricvoulu's Assorted Antiques.
 24244 | Orc:2    | Bought a scroll of fog for 56 gold pieces
 24244 | Orc:2    | Bought a scroll of blinking for 105 gold pieces
 24391 | Orc:2    | Bought a scroll of fog for 100 gold pieces
 24391 | Orc:2    | Bought an ichor-stained robe for 142 gold pieces
 24391 | Orc:2    | Identified the +0 robe "Fosa" {rC++} (You bought it in a
                  | shop on level 2 of the Orcish Mines)
 24391 | Orc:2    | Bought a twisted runed staff for 300 gold pieces
 24391 | Orc:2    | Bought a scroll labelled BANOESM NAGGI for 25 gold pieces
 24409 | Orc:2    | Bought a scroll of immolation for 44 gold pieces
 24409 | Orc:2    | Bought a scroll of fear for 44 gold pieces
 24621 | D:11     | Found Icvihata's Antique Armour Boutique.
 24769 | D:11     | Bought a runed robe for 77 gold pieces
 25820 | D:12     | Noticed Gastronok
 25829 | D:12     | Killed Gastronok
 26709 | D:13     | Reached skill level 10 in Spellcasting
 26709 | D:13     | Found a gate to the Vaults.
 27420 | D:13     | Identified the +10 sling "Heshept" {heavy, rN+ Stlth+}
 27810 | D:14     | Found a flickering gateway to a bazaar.
 27832 | Bazaar   | Entered a bazaar
 27832 | Bazaar   | Found Waqegruv's Assorted Antiques.
 27832 | Bazaar   | Found Neupiyj's Weapon Shop.
 27832 | Bazaar   | Found Owkoxio's Magic Scroll Shoppe.
 27834 | Bazaar   | Found Gutunus's Antique Armour Boutique.
 27834 | Bazaar   | Found Zofi's Antique Weapon Shoppe.
 27868 | Bazaar   | Bought a scroll of revelation for 195 gold pieces
 27874 | Bazaar   | Bought slimy fire dragon scales for 1755 gold pieces
 27874 | Bazaar   | Identified the +0 fire dragon scales "Cogg" {Harm rF++ rC-
                  | rN+} (You bought it in a shop in a bazaar)
 27874 | Bazaar   | Bought a runed scarf for 216 gold pieces
 27882 | Bazaar   | Bought a scroll of enchant armour for 67 gold pieces
 27882 | Bazaar   | Bought a scroll of immolation for 36 gold pieces
 27882 | Bazaar   | Bought a scroll of revelation for 67 gold pieces
 28011 | D:14     | Identified the ring "Ucwine" {rPois Slay+4}
 28279 | Lair:1   | Gained mutation: You have sharp fingernails. [potion of
                  | mutation]
 28645 | D:14     | Reached XP level 16. HP: 74/94 MP: 31/31
 29225 | D:15     | Entered Level 15 of the Dungeon
 29379 | D:15     | Found a sacrificial altar of Ru.
 29560 | D:15     | Reached skill level 27 in Summonings
 30454 | Elf:1    | Entered Level 1 of the Elven Halls
 30459 | Elf:1    | Paralysed by an air elemental for 1 turns
 30631 | Elf:1    | Paralysed by an air elemental for 1 turns
 30656 | Elf:1    | Found Sawehing's General Store.
 30736 | Elf:1    | Learned a level 7 spell: Spellforged Servitor
 30995 | Lair:1   | Learned a level 3 spell: Stone Arrow
 31084 | Swamp:1  | Entered Level 1 of the Swamp
 32282 | Swamp:2  | Found an ornate altar of the Wu Jian Council.
 33020 | Swamp:3  | Reached XP level 17. HP: 72/100 MP: 31/35
 33443 | Swamp:3  | Found a glowing silver altar of Zin.
 33983 | Swamp:4  | Entered Level 4 of the Swamp
 34114 | Swamp:4  | Paralysed by a hornet for 2 turns
 34444 | Swamp:4  | Noticed the 27-headed Lernaean hydra
 34458 | Swamp:4  | Killed the 27-headed Lernaean hydra
 34749 | Swamp:4  | Reached skill level 15 in Spellcasting
 34779 | Swamp:3  | Learned a level 9 spell: Dragon's Call
 35556 | Swamp:4  | Got a decaying rune of Zot
 36345 | Spider:1 | Entered Level 1 of the Spider Nest
 36602 | Orc:2    | Noticed Donald
 36606 | Orc:2    | Killed Donald
 37504 | Elf:1    | Reached skill level 1 in Shields
 38271 | Elf:3    | Entered Level 3 of the Elven Halls
 38495 | Elf:2    | Reached XP level 18. HP: 101/105 MP: 32/39
 38505 | Elf:2    | Reached skill level 5 in Shields
 38787 | Elf:3    | Found Cuhotsi's Antique Armour Shop.
 38787 | Elf:3    | Noticed Louise
 38817 | Elf:3    | Killed Louise
 38857 | Elf:3    | Bought a polished robe for 153 gold pieces
 38857 | Elf:3    | Identified the +0 robe of the Fletcher {rN+ Will+} (You
                  | bought it in a shop on level 3 of the Elven Halls)
 39248 | Elf:2    | Found a runed translucent gate.
 39249 | Elf:2    | Found a runed translucent gate.
 39249 | Elf:2    | Found a runed translucent gate.
 39318 | Elf:3    | Paralysed by an air elemental for 1 turns
 40017 | Elf:2    | Learned a level 7 spell: Malign Gateway
 40208 | Elf:3    | Noticed a deep elf master archer
 40209 | Elf:3    | Killed a deep elf master archer
 40228 | Elf:3    | Reached XP level 19. HP: 76/110 MP: 17/41
 40606 | Elf:3    | Identified the staff of Leqieh {*Slow rElec rPois rF+ Str+3
                  | Fire}
 40702 | Elf:3    | Identified the ring of Qeggumif {Fly rC+ Str+5 Int+3}
 40707 | Elf:3    | Identified the +7 long sword of an ice cave {freeze, Fly
                  | Dex+2}
 40842 | Elf:3    | Identified the staff of Bun Ciy {rN+ Will+ Int-5 Tloc
                  | Earth}
 40843 | Elf:3    | Identified the staff of Adverse Possession {rF+ Int+3 Fire}
 40979 | Elf:3    | Noticed Roxanne
 40986 | Elf:3    | Killed Roxanne
 41237 | Elf:3    | Identified the +2 ring mail "Casus" {^Drain +Inv rPois
                  | Stlth+}
 42575 | Spider:2 | Reached skill level 5 in Dodging
 43289 | Spider:2 | Reached skill level 10 in Shields
 44006 | Spider:3 | Identified the serpent talisman of Indomitability {rF++
                  | rN+++ rCorr MP-9}
 44006 | Spider:3 | Noticed Aizul
 44010 | Spider:3 | Killed Aizul
 44665 | Spider:4 | Entered Level 4 of the Spider Nest
 44865 | Spider:4 | Reached XP level 20. HP: 115/115 MP: 7/43
 44958 | Spider:4 | Got a gossamer rune of Zot
 45496 | Spider:4 | Found a runed translucent gate.
 45497 | Spider:4 | Found a runed translucent gate.
 45498 | Spider:4 | Found a runed translucent gate.
 45498 | Spider:4 | Noticed Mosmyvabb's ghost (journeyman FeSu)
 45498 | Spider:4 | Noticed Leboarus's ghost (journeyman GrFi)
 45508 | Spider:4 | Killed Mosmyvabb's ghost
 45509 | Spider:4 | Killed Leboarus's ghost
 45959 | Lair:1   | Upgraded the game from 0.31-a0-1529-g7bd419a to
                  | 0.31-a0-1547-g618ab1f
 46185 | Vaults:1 | Entered Level 1 of the Vaults
 46346 | Vaults:1 | Found a flickering gateway to a bazaar.
 46355 | Bazaar   | Entered a bazaar
 46357 | Bazaar   | Found Nadeage's Magic Scroll Shop.
 46362 | Bazaar   | Found Kevusiet's Antique Weapon Shoppe.
 46367 | Bazaar   | Found Kanuhed's Magic Scroll Shoppe.
 46376 | Bazaar   | Found Zosaots's Distillery.
 46413 | Bazaar   | Found Uximn's Antique Armour Boutique.
 46423 | Bazaar   | Bought a runed orb for 276 gold pieces
 46423 | Bazaar   | Bought an embroidered cloak for 172 gold pieces
 46423 | Bazaar   | Bought a glowing cloak for 172 gold pieces
 46441 | Bazaar   | Bought a scroll of immolation for 48 gold pieces
 46441 | Bazaar   | Bought a scroll of torment for 114 gold pieces
 46452 | Bazaar   | Bought a scroll of immolation for 48 gold pieces
 46461 | Bazaar   | Bought a potion of ambrosia for 120 gold pieces
 46461 | Bazaar   | Bought a potion of magic for 120 gold pieces
 46461 | Bazaar   | Bought a potion of haste for 150 gold pieces
 46461 | Bazaar   | Bought a potion of resistance for 150 gold pieces
 46461 | Bazaar   | Bought a potion of mutation for 120 gold pieces
 46461 | Bazaar   | Bought a potion of brilliance for 60 gold pieces
 46530 | Vaults:1 | Found a crumbling gateway.
 46539 | Desolati | Entered the Desolation of Salt
 46708 | Desolati | Identified the ring of Kiniux {Fly rPois MP+9 Str-2 SInv}
 46724 | Desolati | Identified the +3 scimitar of Deformation {protect, rC+
                  | Stlth+}
 46740 | Desolati | Got the Codex of the Tick
 46933 | Desolati | Identified the ring "Suyt" {rElec rF+ SInv Stlth+}
 46937 | Desolati | Identified the +4 orcbow of Idaproij {freeze, rC+ Int+3}
 46938 | Desolati | Identified the ring "Ehyhez" {rF+ Slay+4 SInv}
 46942 | Desolati | Got Jitt's Vellum of Gusts and the Salamander
 46943 | Desolati | Identified the +3 morningstar "Yvoleim" {flame, +Blink}
 47130 | Desolati | Identified the ring "Xeolirorch" {rF+ SInv}
 47388 | Vaults:1 | Reached XP level 21. HP: 112/120 MP: 38/46
 49420 | Vaults:2 | Reached skill level 15 in Shields
 49931 | Vaults:3 | Noticed Mennas
 49961 | Vaults:3 | Killed Mennas
 51036 | Vaults:3 | Found a gateway to a bazaar.
 51401 | Vaults:3 | Found a staircase to the Crypt.
 52151 | Vaults:4 | Reached XP level 22. HP: 125/125 MP: 49/49
 52584 | Vaults:4 | Identified the ring of Oroxis {rElec rPois Will+}
 53114 | Bazaar   | Entered a bazaar
 53128 | Bazaar   | Found Zathrous's Antique Weapon Shoppe.
 53157 | Bazaar   | Found Sasmexia's Antique Weapon Shoppe.
 53173 | Bazaar   | Found Ozunibuf's Assorted Antiques.
 53173 | Bazaar   | Found Itergh's Magic Scroll Shoppe.
 53220 | Bazaar   | Bought a scroll of revelation for 67 gold pieces
 53220 | Bazaar   | Bought a scroll of immolation for 36 gold pieces
 53220 | Bazaar   | Bought a scroll of blinking for 67 gold pieces
 53220 | Bazaar   | Bought a scroll of teleportation for 27 gold pieces
 53226 | Bazaar   | Bought a scroll of teleportation for 57 gold pieces
 53226 | Bazaar   | Bought a scroll of immolation for 76 gold pieces
 53521 | D:15     | Found a staircase to the Depths.
 53587 | Depths:1 | Entered Level 1 of the Depths
 53590 | Depths:1 | Noticed Mara
 53594 | Depths:1 | Killed Mara
 53756 | Depths:1 | Found Vilob's Serpentskin Sales.
 53878 | Depths:1 | Found a gateway to Hell.
 54168 | Depths:1 | Found a one-way gate to the infinite horrors of the Abyss.
 54450 | Depths:1 | Learned a level 4 spell: Airstrike
 54826 | Depths:2 | Noticed a juggernaut
 54832 | Depths:2 | Killed a juggernaut
 54862 | Depths:2 | Identified the staff of the Sixty-Six Allies {rF- rC+ rN+
                  | rCorr Ice}
 54888 | Depths:2 | Reached XP level 23. HP: 130/130 MP: 44/52
 55101 | Depths:2 | Noticed a golden dragon
 55110 | Depths:2 | Killed a golden dragon
 55196 | Depths:2 | Reached skill level 10 in Fighting
 55392 | Depths:2 | Reached XP level 24. HP: 110/137 MP: 40/52
 55398 | Depths:2 | Found a one-way gate leading to the halls of Pandemonium.
 55635 | Depths:2 | Identified the +0 helmet of the Jabberwock {rPois Str+3
                  | Stlth-}
 56246 | Depths:3 | Found Laref's Weapon Boutique.
 56597 | Depths:3 | Identified the +1 quarterstaff of the Lusting Fool
                  | {protect, rElec rPois rF+ Int+3}
 56605 | Depths:3 | Identified the +2 dagger "Mashait" {freeze, rPois rF++ rN+
                  | Dex+4}
 56625 | Depths:3 | Learned a level 5 spell: Summon Mana Viper
 56631 | Depths:3 | Learned a level 5 spell: Summon Forest
 56638 | Depths:3 | Learned a level 6 spell: Summon Cactus Giant
 57041 | Depths:3 | Found a one-way gateway to a ziggurat.
 57326 | Depths:4 | Entered Level 4 of the Depths
 57326 | Depths:4 | Noticed a caustic shrike
 57333 | Depths:3 | Killed a caustic shrike
 57438 | Depths:4 | Noticed Xtahua
 57459 | Depths:4 | Killed Xtahua
 57482 | Depths:4 | Reached XP level 25. HP: 46/147 MP: 51/52
 57779 | Depths:4 | Found a gate to the Realm of Zot.
 58414 | Depths:4 | Bought a pair of faintly glowing gloves for 361 gold pieces
 58414 | Depths:4 | Identified the +1 pair of gloves of Loss {rCorr} (You
                  | bought it in a shop on level 4 of the Depths)
 58421 | Depths:4 | Bought the +4 Cigotuvi's embrace {Corpsefed rMiasma ^Drain
                  | rN+} for 496 gold pieces
 58421 | Depths:4 | Found the +4 Cigotuvi's embrace {Corpsefed rMiasma ^Drain
                  | rN+}
 59031 | Depths:4 | Acquired 475 gold pieces
 59411 | Vaults:5 | Entered Level 5 of the Vaults
 59422 | Vaults:5 | Noticed an ancient lich
 59426 | Vaults:5 | Killed an ancient lich
 59436 | Vaults:5 | Found Wuom's Distillery.
 59465 | Vaults:5 | Bought a potion of mutation for 152 gold pieces
 59465 | Vaults:5 | Bought a potion of cancellation for 152 gold pieces
 59465 | Vaults:5 | Bought a potion of enlightenment for 95 gold pieces
 59474 | Vaults:5 | Learned a level 3 spell: Ozocubu's Armour
 59476 | Vaults:5 | Got a silver rune of Zot
 59517 | Vaults:5 | Reached skill level 1 in Ice Magic
 59577 | Vaults:5 | Noticed an ancient lich
 59580 | Vaults:5 | Killed an ancient lich
 59953 | Vaults:5 | Identified the ring "Exiata" {rC+ SInv}
 60316 | Vaults:5 | Noticed an ancient lich
 60323 | Vaults:5 | Killed an ancient lich
 61412 | Depths:4 | Bought an embroidered robe for 140 gold pieces
 61412 | Depths:4 | Bought a glowing robe for 140 gold pieces
 61727 | Crypt:1  | Entered Level 1 of the Crypt
 61748 | Crypt:1  | Noticed Vv
 61757 | Crypt:1  | Killed Vv
 61833 | Crypt:1  | Noticed an ancient lich
 61846 | Crypt:1  | Killed an ancient lich
 61847 | Crypt:1  | Reached XP level 26. HP: 109/159 MP: 47/53
 62184 | Crypt:1  | Noticed Margery
 62190 | Crypt:1  | Killed Margery
 62226 | Crypt:1  | Noticed Bai Suzhen
 62232 | Crypt:1  | Killed Bai Suzhen
 62260 | Crypt:1  | Learned a level 6 spell: Death Channel
 62372 | Crypt:1  | You are sucked into a shaft and drop 1 floor!
 63003 | Crypt:2  | Reached skill level 15 in Fighting
 63158 | Crypt:1  | Identified the +5 falchion of Optimality {heavy, rPois}
 63338 | Crypt:1  | Found a runed translucent door.
 63338 | Crypt:1  | Found a shimmering altar of Xom.
 63338 | Crypt:1  | Noticed Woadakig's ghost (veteran FoFi)
 63361 | Crypt:1  | Killed Woadakig's ghost
 63828 | Crypt:3  | Entered Level 3 of the Crypt
 63869 | Crypt:3  | Noticed a dread lich
 63880 | Crypt:3  | Killed a dread lich
 63947 | Crypt:3  | Reached skill level 5 in Necromancy
 64074 | Crypt:3  | Noticed Khufu
 64082 | Crypt:3  | Noticed a royal mummy
 64086 | Crypt:3  | Noticed Jory
 64088 | Crypt:3  | Killed Khufu
 64107 | Crypt:3  | Killed a royal mummy
 64120 | Crypt:3  | Killed Jory
 64363 | Crypt:3  | Noticed a dread lich
 64390 | Crypt:3  | Killed a dread lich
 64473 | Crypt:3  | Noticed an ancient lich
 64473 | Crypt:3  | Noticed an ancient lich
 64479 | Crypt:3  | Killed an ancient lich
 64482 | Crypt:3  | Killed an ancient lich
 64487 | Crypt:3  | Found the necklace of Bloodlust {Fury *Rage Will++ Int-3
                  | Slay+6}
 64622 | Crypt:3  | Identified the ring "Goesipn" {rF+ rC- rCorr Int+3}
 64628 | Crypt:3  | Identified the +0 robe of Dishonesty {Harm rElec rN+
                  | Regen+}
 65022 | Crypt:3  | Found a staircase to the Tomb.
 65513 | Zot:1    | Entered Level 1 of the Realm of Zot
 65675 | Zot:1    | Reached XP level 27. HP: 166/168 MP: 31/54
 66132 | Depths:4 | Bought a scroll of enchant armour for 157 gold pieces
 66150 | Depths:4 | Bought the ring "Inihup" {Fly rPois rF+ rC+} for 634 gold
                  | pieces
 67127 | Vaults:1 | Learned a level 7 spell: Monstrous Menagerie
 67365 | Zot:2    | Identified the ring of Toaqadgh {Ice rPois}
 67365 | Zot:2    | Noticed Josephina
 67613 | Zot:2    | Killed Josephina
 68762 | Zot:3    | HP: 8/172 [purple draconian/+0 short sword[a white
                  | draconian stormcaller] (12)]
 69138 | Zot:3    | Found a transporter.
 69287 | Zot:3    | Noticed an orb of fire
 69287 | Zot:3    | Noticed an orb of fire
 69297 | Zot:3    | Gained mutation: You are somewhat resistant to further
                  | mutation. [an orb of fire]
 69666 | Zot:3    | Noticed an orb of fire
 69679 | Zot:3    | Gained mutation: You are frail. (-10% HP) [an orb of fire]
 69683 | Zot:3    | Killed an orb of fire
 69689 | Zot:3    | Killed an orb of fire
 69689 | Zot:3    | Killed an orb of fire
 69690 | Zot:3    | Reached skill level 27 in Spellcasting
 70262 | Zot:3    | Identified the +0 chain mail of the Playwright {rF+ Regen+
                  | Dex+3}
 71076 | Zot:5    | Entered Level 5 of the Realm of Zot
 71494 | Zot:4    | Reached skill level 10 in Necromancy
 71743 | Zot:4    | Found a runed translucent gate.
 71743 | Zot:4    | Found a runed translucent gate.
 71743 | Zot:4    | Found a runed translucent gate.
 71744 | Zot:4    | Noticed an ancient lich
 71744 | Zot:4    | Noticed Egutz's ghost (master TrFi)
 71746 | Zot:4    | Noticed a dread lich
 71751 | Zot:4    | Found the ring of the Octopus King
 71765 | Zot:4    | Killed an ancient lich
 71770 | Zot:4    | Killed a dread lich
 71776 | Zot:4    | Killed Egutz's ghost
 71812 | Zot:4    | Identified a ring of the Octopus King {rN+ HP+2 AC+2 EV+2
                  | SH+2}
 71826 | Zot:4    | Learned a level 2 spell: Blink
 72533 | Zot:5    | Acquired a book of Lightning
 73089 | Zot:5    | Noticed an orb of fire
 73095 | Zot:5    | Noticed an ancient lich
 73103 | Zot:5    | Noticed an orb of fire
 73103 | Zot:5    | Killed an orb of fire
 73121 | Zot:5    | Killed an orb of fire
 73128 | Zot:5    | Killed an ancient lich
 73183 | Zot:5    | Noticed an orb of fire
 73188 | Zot:5    | Killed an orb of fire
 73199 | Zot:5    | Noticed an orb of fire
 73207 | Zot:5    | Noticed an orb of fire
 73209 | Zot:5    | Noticed a dread lich
 73211 | Zot:5    | Noticed an orb of fire
 73212 | Zot:5    | Noticed an orb of fire
 73219 | Zot:5    | Killed an orb of fire
 73220 | Zot:5    | Noticed an orb of fire
 73232 | Zot:5    | Killed an orb of fire
 73240 | Zot:5    | Killed a dread lich
 73254 | Zot:5    | Killed an orb of fire
 73258 | Zot:5    | Killed an orb of fire
 73529 | Zot:5    | Noticed an ancient lich
 73534 | Zot:5    | Killed an ancient lich
 73550 | Zot:5    | Noticed an ancient lich
 73552 | Zot:5    | Killed an ancient lich
 73576 | Zot:5    | Killed an orb of fire
 73795 | Zot:5    | Got the Orb of Zot
 73816 | Zot:5    | Learned a level 3 spell: Passwall
 73843 | Zot:2    | Noticed Unemyrr the pandemonium lord
 73858 | Zot:2    | Killed Unemyrr the pandemonium lord
 74223 | Depths:1 | Noticed Kuduafri the pandemonium lord
 74415 | D:6      | Gained mutation: You occasionally shout uncontrollably at
                  | your foes. [a cacodemon]
 74610 | D:$      | Escaped with the Orb!

Illustrated notes

Levels and vault maps discovered:
D:1:      sevenhm_arrival_forest_fort_small_3, layout_basic,
          ebering_ecumenical_altar_hall, serial_park_tiny_1
D:2:      layout_basic, minmay_randomly_rotated_circles
D:3:      layout_basic, pf_just_have_faith, mainiacjoe_overflow_surrounded_room,
          chequers_temple_overflow_minitemple, minmay_misc_feat_hallway
D:4:      layout_loops_ring, gammafunk_ghost_arena, minmay_misc_feat_diagonals,
          uniq_natasha
D:5:      layout_basic, zin_purify, minmay_temple_entry_poolview
D:6:      layout_loops_ring, minmay_crystal_water, serial_bayou_lake_a,
          uniq_duvessa
D:7:      layout_loops_ring, nicolae_overflow_crystal_walls, serial_shops, shop,
          grunt_decor_mini_mirrors, nicolae_shop_firing_range
D:8:      layout_loops_ring, erik_lair_dragon
D:9:      layout_irregular_city, gammafunk_ghost_cemetery, moated_statue,
          uniq_psyche, uniq_jeremiah, uniq_maurice, uniq_amaemon
D:10:     layout_basic, mainiacjoe_overflow_paths, cheibrodos_worm_habitat,
          david_orc_3
D:11:     layout_long_grid, serial_shops, shop
D:12:     layout_roguey, hangedman_tell_no_tales, uniq_gastronok
D:13:     layout_stronghold, erik_vaults_1
D:14:     layout_long_grid, nicolae_benzene_ring, serial_shops, bzr_firewalk
D:15:     grunt_enter_depths_snipers, layout_basic, nicolae_ru_awakened_eye
Temple:   nicolae_temple_bog_church
Lair:1:   layout_big_grid, st_stairs_3, grunt_megastairs_1
Lair:2:   layout_loops_ring, nicolae_spider_entry_tight_spaces
Lair:3:   layout_gridlike, palyth_hydra_swamp_entry
Lair:4:   beast_lair_carwin_large_3, layout_loops_ring,
          ebering_ghost_reflecting_pool, grunt_forest_stairs_basic
Lair:5:   gammafunk_lair_ancient_temple, layout_long_grid,
          nicolae_slime_entry_slimehenge, lemuel_fruit_tree
Swamp:1:  layout_basic_swamp, evilmike_swamp_ruin_house_1
Swamp:2:  layout_basic_swamp, lemuel_altar_in_water
Swamp:3:  layout_falls_marsh, basic_altar
Swamp:4:  swamp_alternative, layout_basic_swamp, swamp_pool_4
Spider:1: layout_spider_delve, nicolae_spider_circle_web
Spider:2: layout_chambers, drop_trap
Spider:3: layout_cave_pods, uniq_aizul
Spider:4: guppyfry_spider_rune, gammafunk_ghost_cemetery
Orc:1:    layout_caves, nicolae_orc_stony_grotto, library_closet,
          minmay_shop_mayhem, lightli_church_of_beogh
Orc:2:    st_orc_town, layout_caves, gauntlet_entry_generic, uniq_rupert,
          uniq_donald, uniq_saint_roka
Elf:1:    nicolae_elf_arrival_aired_out, layout_loops_ring, serial_shops, shop,
          evilmike_minifort
Elf:2:    nicolae_elf_blades_crystal_corner, layout_geoelf_octagon
Elf:3:    minmay_elf_hall_dome, layout_rooms, serial_shops, shop, uniq_louise,
          uniq_roxanne
Vaults:1: portal_desolation_entry_ruin, grunt_vaults_swirl,
          nicolae_vaults_hexular_roomagon, nicolae_vaults_network_periphery,
          nicolae_vaults_asterisk, layout_vaults_quadrants, serial_shops,
          bzr_entry_islet
Vaults:2: serial_library_hellmonk_reading_circle, nicolae_vaults_tangram_2,
          v_misc_14, v_misc_12, nicolae_vaults_tetromino_T_1, minmay_orc_keep,
          grunt_vaults_twisty, nicolae_vaults_tetromino_T_2,
          nicolae_vaults_tangram_2, serial_ice_g,
          nicolae_vaults_yaktaur_gun_rack, layout_vaults_omnibox
Vaults:3: nicolae_vaults_closet_pinwheel_2, ontoclasm_vaults_pinch,
          hangedman_vaults_stagger, nicolae_vaults_offset_grid_hallway_4,
          nicolae_vaults_doubleplus_tesselated, minmay_crypt_entry_simple_walls,
          nicolae_vaults_closet_pinwheel_6, v_pattern_4, v_rooms_1,
          nicolae_vaults_tetromino_L_2, grunt_vaults_diagonal,
          nicolae_vaults_variable_pillar_hall, layout_vaults_ring, serial_shops,
          bzr_entry_customers, uniq_mennas
Vaults:4: nicolae_vaults_circle_grid_a, ontoclasm_vaults_claustrophobia,
          v_alt_pattern_3, v_misc_15, nicolae_vaults_ninety_degrees, v_misc_18,
          nicolae_vaults_storage_room_water, nicolae_vaults_murderbox,
          hangedman_vaults_snaps, grunt_vaults_focal, vaults_standard_mumra_x,
          nicolae_vaults_trapezoid_lopsided_3, nicolae_vaults_tetromino_T_1,
          layout_vaults_maze_snakey
Vaults:5
Crypt:1:  layout_gridlike, ebering_ghost_xom, grunt_crypt_arrival_webbed,
          uniq_margery, uniq_bai_suzhen, uniq_vv
Crypt:2:  layout_gridlike
Crypt:3:  david_glass_crypt, layout_rooms, tomb_entry_forgotten_bobbens,
          serial_corexii_hall, corexii_hall_statues_i, corexii_hall_statues_i,
          minivault_25, grunt_megastairs_5, uniq_khufu, uniq_jory
Depths:1: layout_cave_shapes, abyss_entry_glasseish, hellmouth_3,
          serial_bayou_pond_a, minmay_crystal_room,
          serial_library_hellmonk_layered_room, st_stairs_6, minivault_10,
          nicolae_kite_square_tiling_tiny, guppyfry_shop_venom, uniq_mara
Depths:2: minmay_swirls_squares, layout_basic, hangedman_decor_riveting,
          special_room [special_room_mythical_zoo], pf_coc_iceberg,
          rand_demon_pan_entry_7
Depths:3: minmay_the_grid_net [minmay_the_grid_pillar_ring,
          minmay_the_grid_outer_diamond, minmay_the_grid_eight,
          minmay_the_grid_fan, minmay_the_grid_doors,
          minmay_the_grid_prize_four_corners_diamond_b], layout_honeycomb,
          enter_ziggurat_c, nicolae_lava_and_water, hangedman_abyss_entry_splay,
          serial_shops, nicolae_shop_tiny_real_fake_doors, hell_entry,
          serial_bayou_pond_e, infiniplex_staircase_zigzag_2
Depths:4: grunt_x_marks_the_spot, layout_cave_pools, bh_walls_and_bars,
          hangedman_geh_valley, st_stairs_10, uniq_xtahua
Zot:1:    layout_misc_corridors, st_stairs_12
Zot:2:    lemuel_halls_of_wrath, layout_gridlike, uniq_josephina
Zot:3:    grunt_deathspiral_small, layout_onion_interference,
          regret_index_zotdec_serpentine_scales, st_small_dragon_hoard_4,
          nicolae_diode_basic
Zot:4:    layout_onion_interference, gammafunk_ghost_necromancy, lemuel_elevator
Zot:5:    layout_gridlike, regret_index_zotdec_stipple_waver

Skill      XL: |  1  2  3  4  5  6  7  8  9 10 11 12 13 14 15 16 17 18 19 20 21 22 23 24 25 26 27 |
---------------+----------------------------------------------------------------------------------+-----
Summonings     | 5 6 7 8 10 14 15 17 20 23 25 26 27 | 27.0
Spellcasting   | 3 4 5 6 8 9 10 13 16 17 18 20 22 24 25 26 27 | 27.0
Fire Magic     | 1 2 4 |  4.0
Air Magic      | 2 4 |  4.0
Fighting       | 4 6 8 9 10 12 14 16 20 | 20.9
Dodging        | 3 6 7 9 |  9.6
Conjurations   | 3 6 9 |  9.0
Alchemy        | 1 |  1.0
Translocations | 1 3 4 |  4.0
Earth Magic    | 1 |  1.0
Necromancy     | 1 7 12 | 12.0
Shields        | 4 9 11 14 15 16 18 19 23 | 23.5
Stealth        | 3 |  3.0
Ice Magic      | 1 |  1.0

Action                     |  1- 3 |  4- 6 |  7- 9 | 10-12 | 13-15 | 16-18 | 19-21 | 22-24 | 25-27 || total
---------------------------+-------+-------+-------+-------+-------+-------+-------+-------+-------++-------
  Melee: Unarmed           |    21 |       |       |       |       |       |       |       |       ||    21
         Kick              |     7 |    11 |     9 |     9 |    14 |     2 |    10 |     1 |    11 ||    74
         Peck              |     5 |     6 |     9 |     5 |     7 |     2 |     8 |     1 |     7 ||    50
         Dagger            |     5 |    15 |       |       |       |       |       |       |       ||    20
         Spear             |       |    47 |    62 |       |       |       |       |       |       ||   109
         Punch             |       |     1 |     1 |       |       |       |       |       |       ||     2
         Halberd           |       |       |    10 |    32 |    28 |       |       |       |       ||    70
         Staff             |       |       |       |       |    17 |     3 |    17 |     4 |    21 ||    62
  Throw: Javelin           |       |     6 |       |       |       |       |       |       |       ||     6
         Dart              |       |     2 |     4 |    17 |    13 |     5 |       |       |       ||    41
         Throwing net      |       |       |       |       |       |     2 |       |       |     2 ||     4
   Cast: Summon Small Mamm |    23 |    18 |     5 |       |       |       |       |       |       ||    46
         Call Imp          |    11 |    21 |     9 |     4 |     4 |       |     1 |       |       ||    50
         Call Canine Famil |     1 |    19 |    51 |    18 |    58 |    35 |     5 |     1 |       ||   188
         Summon Lightning  |       |       |    19 |    51 |   103 |    16 |     1 |       |     4 ||   194
         Summon Blazeheart |       |       |     4 |    42 |    39 |    13 |     2 |       |       ||   100
         Summon Horrible T |       |       |       |       |    31 |    36 |    17 |     7 |    34 ||   125
         Sting             |       |       |       |       |    20 |     1 |       |       |       ||    21
         Martyr's Knell    |       |       |       |       |    27 |    85 |    75 |    30 |    62 ||   279
         Animate Armour    |       |       |       |       |    16 |     4 |       |       |       ||    20
         Spellforged Servi |       |       |       |       |       |    75 |    46 |    21 |    81 ||   223
         Stone Arrow       |       |       |       |       |       |    18 |    24 |       |       ||    42
         Dragon's Call     |       |       |       |       |       |     6 |    48 |    26 |    63 ||   143
         Malign Gateway    |       |       |       |       |       |     1 |    23 |    12 |    33 ||    69
         Airstrike         |       |       |       |       |       |       |       |     5 |     4 ||     9
         Summon Mana Viper |       |       |       |       |       |       |       |     5 |    23 ||    28
         Summon Cactus Gia |       |       |       |       |       |       |       |     3 |       ||     3
         Summon Forest     |       |       |       |       |       |       |       |     2 |    33 ||    35
         Ozocubu's Armour  |       |       |       |       |       |       |       |       |     4 ||     4
         Death Channel     |       |       |       |       |       |       |       |       |    37 ||    37
         Monstrous Menager |       |       |       |       |       |       |       |       |    24 ||    24
         Passwall          |       |       |       |       |       |       |       |       |     4 ||     4
 Invoke: Potion Petition   |       |       |       |     2 |     2 |     4 |     2 |     5 |     9 ||    24
         Call Merchant     |       |       |       |       |       |       |       |       |     6 ||     6
  Evoke: Wand              |       |       |    11 |     1 |       |     4 |     6 |     1 |    20 ||    43
         Lightning rod     |       |       |       |       |     3 |     4 |       |       |     3 ||    10
         Phial of floods   |       |       |       |       |       |     1 |     1 |       |     1 ||     3
         Condenser vane    |       |       |       |       |       |       |       |       |     1 ||     1
    Use: Scroll            |     1 |     5 |     6 |    12 |     8 |     9 |     4 |     4 |    22 ||    71
         Potion            |     1 |     1 |     3 |     6 |     8 |     9 |    10 |     6 |    20 ||    64
   Stab: Distracted        |       |       |     3 |       |     2 |     1 |     1 |       |     1 ||     8
         Sleeping          |       |       |     2 |     2 |       |       |       |       |       ||     4
         Betrayed ally     |       |       |       |     2 |       |       |       |       |       ||     2
         Petrified         |       |       |       |       |     2 |       |       |       |       ||     2
 Armour: Leather armour    |    17 |    36 |    51 |    96 |   165 |   120 |       |       |   208 ||   693
         Robe              |     2 |       |       |       |       |    64 |   129 |    68 |    10 ||   273
  Dodge: Dodged            |    39 |    56 |    89 |   203 |   442 |   249 |   268 |   118 |   268 ||  1732
         Repelled          |       |       |       |       |       |       |     3 |     5 |     4 ||    12
  Block: Other             |       |       |    23 |    41 |    82 |    33 |       |       |       ||   179
         Reflection        |       |       |     1 |       |     7 |    10 |       |       |     6 ||    24
         Buckler           |       |       |       |       |       |    31 |    93 |    30 |     5 ||   159
         Kite shield       |       |       |       |       |       |       |       |       |    80 ||    80
         Tower shield      |       |       |       |       |       |       |       |       |   195 ||   195

Table legend: (Time is in decaauts)
 A = Elapsed time spent in this place.
 B = Non-inter-level travel time spent in this place.
 C = Inter-level travel time spent in this place.
 D = Time resting spent in this place.
 E = Time spent auto-exploring this place.
 F = Levels seen in this place.
 G = Mean time per level.
                   A        B        C        D        E       F      G
               +--------+--------+--------+--------+--------+-----+--------+
         Total |  77832 |  65036 |  12796 |   1004 |  43842 |  56 | 1389.9 |
       Dungeon |  22227 |  16029 |   6198 |    192 |  12002 |  15 | 1481.8 |
        Temple |      1 |      1 |      0 |      0 |      0 |   1 |    1.0 |
          Lair |   9609 |   8185 |   1424 |     25 |   5969 |   5 | 1921.8 |
         Swamp |   4978 |   4602 |    376 |     10 |   3448 |   4 | 1244.5 |
   Spider Nest |   4480 |   4151 |    329 |      0 |   2790 |   4 | 1120.0 |
  Orcish Mines |   3188 |   2661 |    527 |      6 |   1793 |   2 | 1594.0 |
   Elven Halls |   4827 |   4241 |    586 |    241 |   2415 |   3 | 1609.0 |
        Vaults |   9345 |   7837 |   1508 |      4 |   4766 |   5 | 1869.0 |
         Crypt |   3669 |   3424 |    245 |    118 |   2343 |   3 | 1223.0 |
        Depths |   6308 |   5117 |   1191 |    138 |   3329 |   4 | 1577.0 |
           Zot |   7661 |   7253 |    408 |    254 |   4620 |   5 | 1532.2 |
        Bazaar |    353 |    353 |      0 |      0 |    111 |   3 |  117.7 |
    Desolation |    699 |    699 |      0 |     16 |      0 |   1 |  699.0 |
      Gauntlet |    480 |    480 |      0 |      0 |    252 |   1 |  480.0 |
               +--------+--------+--------+--------+--------+-----+--------+

Top non-repeatable levels by time:
     D:8: 3337 daAuts
Vaults:3: 2553 daAuts
   Zot:3: 2273 daAuts
  Lair:5: 2240 daAuts
  Lair:2: 2043 daAuts
   Elf:2: 2014 daAuts
  Lair:1: 2006 daAuts
   Orc:2: 1932 daAuts
Depths:2: 1921 daAuts
Vaults:2: 1861 daAuts
   Zot:2: 1817 daAuts
    D:10: 1812 daAuts
Vaults:5: 1794 daAuts
Vaults:1: 1776 daAuts
  Lair:3: 1734 daAuts
